 Dungeon Crawl Stone Soup version 0.30-a0-1160-g6e42c06551 (webtiles) character file.

Game seed: 8611834413610127046

3639 sircluck the Cleaver (level 10, -2/88 HPs)
             Began as a Hill Orc Fighter on Apr 25, 2023.
             Was a Follower of Beogh.
             Slain by a gnoll sergeant
             ... wielding a +0 bardiche
              (14 damage)
             ... in a bailey.
             The game lasted 00:14:42 (6391 turns).

sircluck the Cleaver (Hill Orc Fighter)             Turns: 6391, Time: 00:14:43

Health: -2/88      AC: 14    Str: 30    XL:     10   Next: 12%
Magic:  10/10      EV: 11    Int:  8    God:    Beogh [*.....]
Gold:   425        SH:  5    Dex: 10    Spells: 9/9 levels left

rFire   . . .        a - +0 war axe
rCold   . . .        c - +0 buckler
rNeg    . . .        b - +0 scale mail
rPois   .            r - +1 helmet
rElec   .            q - +0 cloak
rCorr   .            (no gloves)
SInv    .            u - +1 pair of boots
Will    .....        (no amulet) Stlth
                     E - +6 ring of strength
HPRegen 0.34/turn    m - +4 ring of slaying
MPRegen 0.12/turn

%: no passive effects
@: no status effects
A: no striking features
a: Renounce Religion


You were in a bailey.
You worshipped Beogh.
Beogh was aware of your devotion.
You visited 2 branches of the dungeon, and saw 8 of its levels.
You also visited: Bailey.

You collected 425 gold pieces.

Inventory:

Hand Weapons
 a - a +0 war axe (weapon)
Missiles
 i - 5 boomerangs (quivered)
 k - 65 stones
Armour
 b - a +0 scale mail (worn)
 c - a +0 buckler (worn)
 q - a +0 cloak (worn)
 r - a +1 helmet (worn)
 s - a +0 plate armour
 u - a +1 pair of boots (worn)
Jewellery
 j - a ring of ice
 m - a +4 ring of slaying (right hand)
 n - a ring of flight
 o - a +5 ring of evasion
 E - a +6 ring of strength (left hand)
Wands
 d - a wand of roots (6)
 x - a wand of flame (20)
Scrolls
 f - 3 scrolls of magic mapping
 g - a scroll of fear
 l - 3 scrolls of teleportation
 p - 7 scrolls of identify
 v - 3 scrolls of enchant armour
 w - a scroll of blinking {unknown}
Potions
 e - a potion of cancellation
 h - 3 potions of heal wounds {unknown}
 t - 3 potions of curing {unknown}
 z - 3 potions of magic {unknown}
 A - a potion of haste {unknown}
 B - a potion of invisibility {unknown}
 C - 3 potions of lignification {unknown}
 D - 2 potions of degeneration {unknown}
 F - a potion of flight {unknown}


   Skills:
 + Level 7.8 Fighting
 + Level 12.4 Axes
 + Level 8.2 Armour
 + Level 3.2 Dodging
 + Level 1.0 Stealth
 + Level 5.2 Shields


You had 9 spell levels left.
You didn't know any spells.
Your spell library contained the following spells:

 Spells                   Type           Power      Damage    Failure   Level
 Freeze                   Ice            0%         1d3       67%         1
 Ensorcelled Hibernation  Hex/Ice        0%         N/A       82%         2
 Frozen Ramparts          Ice            0%         1d1       96%         3
 Hailstorm                Conj/Ice       0%         3d3       96%         3
 Spider Form              Tmut/Pois      0%         N/A       96%         3
 Volatile Blastmotes      Fire/Tloc      0%         2d10      96%         3
 Anguish                  Hex/Necr       0%         N/A       100%        4
 Fulminant Prism          Conj/Hex       0%         3d5       100%        4
 Iskenderun's Mystic Bla  Conj/Tloc      0%         2d3       100%        4
 Fireball                 Conj/Fire      0%         3d3       100%        5
 Iskenderun's Battlesphe  Conj           0%         2d6       100%        5
 Lee's Rapid Deconstruct  Erth           0%         3d4*      100%        5
 Conjure Ball Lightning   Conj/Air       0%         3x3d6     100%        6
 Orb of Destruction       Conj           0%         9d5       100%        7


Dungeon Overview and Level Annotations

Branches:
Dungeon (7/15)             Temple (1/1) D:4          Bailey (1/1)

Altars:
Ashenzari
Cheibriados
Dithmenos
Fedhas
Gozag
Hepliaklqana
Kikubaaqudgha
Makhleb
Nemelex Xobeh
Okawaru
Qazlal
Ru
Sif Muna
Trog
Uskayaw
Vehumet
Wu Jian
Xom
Yredelemnul
Zin
The Shining One

Shops:
D:2 :

Annotations:
D:7 Maggie


Message History

The wolf bites you but does no damage. The gnoll sergeant closely misses you.
The wolf bites you but does no damage.
You slash the wolf!
You kill the wolf!
Beogh accepts your kill.
You hear a shout!
The gnoll sergeant hits you but does no damage.
You slash the gnoll sergeant!
The gnoll sergeant is severely wounded.
You block the gnoll sergeant's attack. The gnoll sergeant barely misses you.
Unknown command.
You hit the gnoll sergeant.
The gnoll sergeant is severely wounded.
The gnoll sergeant hits you but does no damage.
You block the gnoll sergeant's attack.
You hit the gnoll sergeant.
The gnoll sergeant is severely wounded.
The gnoll sergeant barely misses you. The gnoll sergeant misses you.
You hit the gnoll sergeant but do no damage.
The gnoll sergeant is severely wounded.
The gnoll sergeant hits you but does no damage.
The gnoll sergeant hits you from afar with a +0 bardiche!
* * * LOW HITPOINT WARNING * * *
You slash the gnoll sergeant!
You kill the gnoll sergeant!
Beogh accepts your kill.
A gnoll bouda comes into view. It is wielding a +0 halberd.
The gnoll sergeant barely misses you.
The gnoll bouda attacks as you move away!
The gnoll bouda hits you with a +0 halberd.
* * * LOW HITPOINT WARNING * * *
The gnoll bouda barks out a call to the hunt!
The gnoll sergeant picks up the pace!
There is an open door here.
You close the door.
A gnoll sergeant opens the door.
Things that are here:
a +0 spear; a +0 chain mail; a gnoll corpse The gnoll sergeant hits you from afar with a +0 bardiche!
You die...

#...≈≈♣♣ ###..≈.♣ #..≈.♣♣ ♣
#..≈..♣♣ ♣≈ ##### #..≈...♣ ♣≈.
##...## #..≈...♣
♣≈..##+###.....######..≈...♣♣
♣≈....).#....)).#...'......)♣♣♣#
♣≈....))'...8g)@'...'......∩÷.∩#
♣≈.....)#.......#...'......)♣♣♣#
♣≈..##g###.....######..≈...♣♣
♣≈. #.. ##...## #..≈..♣♣ ♣ #..
##### #..≈..♣ #.. #..≈..♣ ##.
#..≈.♣♣ ## ###..≈.♣ #...≈≈♣♣


You could see a gnoll sergeant (swift).

Vanquished Creatures
  Pikel (D:5)
  A hornet (D:7)
  Prince Ribbit (D:5)
  Grinder (D:5)
  Sigmund (D:2)
  Menkaure (D:7)
  Edmund (D:5)
  4 water moccasins
  A black bear (D:5)
  2 ice beasts
  2 ogres (D:5)
  A centaur (D:7)
  2 wolves (Bailey)
  3 lemures
  A bullfrog (D:7)
  3 scorpions
  A gnoll sergeant (Bailey)
  A howler monkey (D:4)
  3 jellies
  5 hounds
  4 gnoll boudas
  Terence (D:2)
  A sleepcap (D:4)
  3 iguanas (D:5)
  An orc wizard (D:4)
  Ijyb (D:5)
  3 adders
  12 gnolls
  2 shadow imps
  An ufetubus (D:5)
  A worm (D:3)
  4 dart slugs
  15 orcs
  8 bats
  6 endoplasms
  2 giant cockroaches
  7 hobgoblins
  5 jackals (D:2)
  6 quokkas
  9 ball pythons
  2 frilled lizards
  12 goblins
  11 kobolds
  5 rats
158 creatures vanquished.

Vanquished Creatures (others)
  An orc wizard (D:6)
  11 plants
12 creatures vanquished.

Grand Total: 170 creatures vanquished

Notes
Turn   | Place    | Note
-------+----------+-------------------------------------------
     0 | D:1      | sircluck the Hill Orc Fighter began the quest for the Orb.
     0 | D:1      | Reached XP level 1. HP: 19/19 MP: 1/1
    25 | D:1      | Found a faded altar of an unknown god.
    94 | D:1      | You fall into a shaft and drop 1 floor!
   103 | D:2      | Reached XP level 2. HP: 27/27 MP: 2/2
   112 | D:2      | Reached skill level 3 in Axes
   132 | D:2      | Found Deedycik's Book Shoppe.
   361 | D:1      | Reached XP level 3. HP: 33/33 MP: 3/3
   871 | D:2      | Noticed Sigmund
  1219 | D:2      | Killed Sigmund
  1220 | D:2      | Reached skill level 5 in Axes
  1220 | D:2      | Reached XP level 4. HP: 31/41 MP: 4/4
  1220 | D:2      | Reached XP level 5. HP: 35/47 MP: 5/5
  1395 | D:2      | Noticed Terence
  1403 | D:2      | Killed Terence
  1404 | D:2      | Reached XP level 6. HP: 49/55 MP: 6/6
  1439 | D:2      | Found a sacrificial altar of Ru.
  2016 | D:3      | Reached skill level 5 in Fighting
  2110 | D:3      | Found a glowing silver altar of Zin.
  2262 | D:3      | Found a glowing golden altar of the Shining One.
  2579 | D:4      | Found a staircase to the Ecumenical Temple.
  2643 | D:4      | Reached skill level 6 in Axes
  2649 | D:4      | Reached skill level 1 in Dodging
  2844 | D:4      | Reached XP level 7. HP: 55/61 MP: 7/7
  3101 | Temple   | Entered the Ecumenical Temple
  3321 | D:5      | Entered Level 5 of the Dungeon
  3348 | D:5      | Noticed Pikel
  3359 | D:5      | Noticed Grinder
  3467 | D:5      | Found an ornate altar of the Wu Jian Council.
  3493 | D:5      | Noticed Edmund
  3506 | D:5      | Killed Edmund
  3507 | D:5      | Reached skill level 7 in Axes
  3507 | D:5      | Reached skill level 5 in Armour
  3698 | D:5      | Killed Pikel
  3699 | D:5      | Reached skill level 8 in Axes
  3699 | D:5      | Reached XP level 8. HP: 43/70 MP: 8/8
  3771 | D:5      | Killed Grinder
  3772 | D:5      | Reached skill level 9 in Axes
  3939 | D:5      | Found a stormy altar of Qazlal.
  3942 | D:5      | Noticed Ijyb
  3947 | D:5      | Killed Ijyb
  4127 | D:5      | Found a shimmering blue altar of Sif Muna.
  4320 | D:5      | Noticed Prince Ribbit
  4342 | D:5      | Killed Prince Ribbit
  4343 | D:5      | Reached skill level 10 in Axes
  4343 | D:5      | Reached XP level 9. HP: 65/78 MP: 9/9
  5332 | D:6      | Found a broken altar of Ashenzari.
  5354 | D:6      | Reached skill level 11 in Axes
  5420 | D:6      | Became a worshipper of Beogh the Brigand
  5443 | D:7      | Reached skill level 5 in Shields
  5616 | D:7      | Noticed a hornet
  5623 | D:7      | Killed a hornet
  5685 | D:7      | Reached skill level 1 in Stealth
  5685 | D:7      | Noticed Menkaure
  5692 | D:7      | Killed Menkaure
  5962 | D:7      | Noticed Maggie
  5968 | D:7      | Reached skill level 12 in Axes
  5971 | D:7      | Found a flagged portal.
  5988 | Bailey   | Entered a bailey
  6011 | Bailey   | Reached XP level 10. HP: 32/88 MP: 10/10
  6246 | Bailey   | Reached * piety under Beogh
  6391 | Bailey   | Slain by a gnoll sergeant

Illustrated notes

Levels and vault maps discovered:
D:1:      ncdulo_smallfort, layout_loops_ring, ebering_ecumenical_altar_box,
          minmay_misc_feat_tiny, minmay_misc_feat_roman
D:2:      layout_rooms, basic_altar, serial_shops,
          nicolae_shop_pleasant_corner_grove, uniq_terence, uniq_sigmund
D:3:      layout_loops_ring, zin_statuary, tso_oasis_becter,
          minmay_misc_feat_enclosed, kennysheep_path_1, grunt_ministairs_2
D:4:      layout_rooms, minmay_temple_entry_statues_fountains
D:5:      minmay_opposing_rooms, layout_loops_ring,
          mainiacjoe_overflow_cross_hatched,
          mainiacjoe_overflow_six_doors_small, lemuel_blue_sif_altar,
          uniq_pikel, uniq_ijyb, uniq_edmund, uniq_prince_ribbit1, uniq_grinder
D:6:      layout_basic, nicolae_ashenzari_panopticon, marbit_many_paths,
          minivault_4
D:7:      layout_cave_pools, enter_bailey_3, uniq_maggie, uniq_menkaure
Temple:   nicolae_temple_bog_church
Bailey:   bailey_polearm_gnolls_kennysheep, bailey

Skill      XL: |  1  2  3  4  5  6  7  8  9 10 |
---------------+-------------------------------+-----
Axes           | 3 5 6 8 10 12 | 12.4
Fighting       | 4 5 6 7 |  7.8
Armour         | 4 5 6 7 8 |  8.2
Dodging        | 1 2 3 |  3.2
Shields        | 4 5 |  5.2
Stealth        | 1 |  1.0

Action                     |  1- 3 |  4- 6 |  7- 9 | 10-12 || total
---------------------------+-------+-------+-------+-------++-------
  Melee: War axe           |    97 |    77 |   209 |    56 ||   439
 Invoke: Convert to Beogh  |       |       |     1 |       ||     1
    Use: Scroll            |     5 |       |     7 |       ||    12
         Potion            |     2 |       |       |       ||     2
 Armour: Scale mail        |    65 |    23 |    79 |    30 ||   197
  Dodge: Dodged            |    70 |    57 |   136 |    50 ||   313
  Block: Buckler           |    27 |    17 |    42 |    17 ||   103

Table legend: (Time is in decaauts)
 A = Elapsed time spent in this place.
 B = Non-inter-level travel time spent in this place.
 C = Inter-level travel time spent in this place.
 D = Time resting spent in this place.
 E = Time spent auto-exploring this place.
 F = Levels seen in this place.
 G = Mean time per level.
                   A        B        C        D        E       F      G
               +--------+--------+--------+--------+--------+-----+--------+
         Total |   6474 |   6052 |    422 |    643 |   3698 |   9 |  719.3 |
       Dungeon |   5861 |   5452 |    409 |    484 |   3419 |   7 |  837.3 |
        Temple |    215 |    202 |     13 |      0 |    188 |   1 |  215.0 |
        Bailey |    396 |    396 |      0 |    159 |     91 |   1 |  396.0 |
               +--------+--------+--------+--------+--------+-----+--------+

Top non-repeatable levels by time:
     D:5: 1772 daAuts
     D:1: 1117 daAuts
     D:3: 829 daAuts
     D:2: 686 daAuts
     D:4: 611 daAuts
     D:7: 551 daAuts
  Bailey: 396 daAuts
     D:6: 293 daAuts
  Temple: 215 daAuts
